 Dungeon Sprint DCSS version 0.27-a0-538-g15ff5c5295 (webtiles) character file.

Game seed: 9329011530674741667

29521 mhtbhm the Executioner (level 13, -1/136 HPs)
             Began as a Minotaur Fighter on Mar 6, 2021.
             Was a High Priest of Trog.
             Killed from afar by Pecal the pandemonium lord (3 damage)
             ... with a freezing blast
             ... in the Dungeon (Sprint VII: "The Pits").
             The game lasted 00:08:44 (3437 turns).

mhtbhm the Executioner (Minotaur Fighter)           Turns: 3437, Time: 00:08:44

Health: -1/136     AC: 14    Str: 26    XL:     13   Next: 15%
Magic:  8/12       EV: 13    Int: 18    God:    Trog [*****.]
Gold:   69         SH: 16    Dex: 10    Spells: 12/12 levels left

rFire    + . .     SeeInvis +   a - +7 broad axe of Parts Unknown {flame, rC+ Will- Int+9 SInv}
rCold    + . .     Faith    .   c - +0 kite shield
rNeg     . . .     Spirit   .   b - +4 scale mail {Will+}
rPois    .         Reflect  .   (helmet restricted)
rElec    +         Harm     .   (no cloak)
rCorr    .         Rampage  .   (no gloves)
Will     +++..     NoTele   +   (no boots)
Stlth    +.........             (no amulet)
HPRegen  1.32/turn              A - ring of willpower
MPRegen  0.13/turn              C - ring of Cihorgh {rElec rF+ Int+4 SInv}

@: mighty, lethally poisoned (-1 -> -2), marked, berserk cooldown, very slightly
contaminated, regenerating, slowed, very slow
A: horns 2, retaliatory headbutt
a: Renounce Religion, Berserk, Trog's Hand, Brothers in Arms


You were in the Dungeon.
You worshipped Trog.
Trog was extremely pleased with you.
You visited 1 branch You collected 69 gold pieces.

Inventory:

Hand Weapons
 a - the +7 broad axe of Parts Unknown (weapon) {flame, rC+ Will- Int+9 SInv}
   (Trog gifted it to you in the Dungeon)

   It has been specially enchanted to burn those struck by it, causing extra
   injury to most foes and up to half again as much damage against particularly
   susceptible opponents.
   Big, fiery blades are also staple armaments of hydra-hunters.
   It affects your intelligence (+9).
   It protects you from cold.
   It affects your willpower, your defense against some magical effects.
   It lets you see invisible.
 r - a +6 war axe of flaming
Missiles
 s - a curare-tipped dart (quivered)
 t - 3 throwing nets
Armour
 b - a +4 scale mail of willpower (worn)
 c - a +0 kite shield (worn)
Jewellery
 m - a +4 ring of protection
 z - a ring of protection from fire
 A - a ring of willpower (left hand)
 C - the ring of Cihorgh (right hand) {rElec rF+ Int+4 SInv}
   (You took it off a vampire knight in the Dungeon)

   [ring of see invisible]

   It affects your intelligence (+4).
   It protects you from fire.
   It insulates you from electricity.
   It lets you see invisible.
Scrolls
 l - a scroll of summoning
 u - 6 scrolls of enchant armour
 v - a scroll of fear
 w - 3 scrolls of enchant weapon
 x - a scroll of identify
 B - a scroll of immolation
Potions
 d - 4 potions of might
 e - 6 potions of curing
 f - 9 potions of heal wounds
 g - 2 potions of haste
 h - 4 potions of magic
 i - 4 potions of berserk rage
 k - 2 potions of invisibility
 o - a potion of resistance
 p - 3 potions of mutation
 q - a potion of flight
Miscellaneous
 D - a box of beasts


   Skills:
 + Level 18.5 Fighting
 + Level 22.8 Axes
 + Level 15.9 Armour
 + Level 9.5 Dodging
 + Level 3.1 Stealth
 + Level 19.0 Shields


You had 12 spell levels left.
You didn't know any spells.
Your spell library was empty.

Dungeon Overview and Level Annotations

Branches:
Dungeon (1/1)

Altars:
Cheibriados
Dithmenos
Elyvilon
Fedhas
Gozag
Hepliaklqana
Makhleb
Nemelex Xobeh
Okawaru
Qazlal
Ru
Sif Muna
Trog
Vehumet
Wu Jian
Xom
Yredelemnul
Zin
The Shining One
Beogh
Jiyva
Lugonu


Innate Abilities, Weirdness & Mutations

You have a pair of horns on your head.
You reflexively headbutt those who attack you in melee.


Message History

You closely miss Pecal.
Pecal is heavily wounded.
Pecal gestures at you.
You barely resist. You block Pecal's attack.
Unknown command.
Unknown command.
Blink to where?
Press: ? - help, Dir - move target
As you read the scroll of blinking, it crumbles to dust.
You flicker for a moment.
You feel much better. Pecal gestures at you. The bolt of lightning hits you!
You resist.
* * * LOW HITPOINT WARNING * * *
Unknown command.
Unknown command.
Unknown command.
As you read the scroll of fog, it crumbles to dust.
The scroll dissolves into smoke.
Your iron troll goes berserk!
Pecal gestures at you. The bolt of lightning hits you! You resist.
* * * LOW HITPOINT WARNING * * *
Pecal gestures at you. The freezing blast engulfs you! You resist.
* * * LOW HITPOINT WARNING * * *
You feel much better.
You flicker back into view.
You block Pecal's attack. x2
Unknown command.
Your skin crawls.
You feel strong-willed. Pecal claws you!!
* * * LOW HITPOINT WARNING * * *
Pecal claws you!
* * * LOW HITPOINT WARNING * * *
You are poisoned.
Pecal gestures at you. The freezing blast engulfs you. You resist.
You die...

#+# #.# #'#
#######################'#
..............§§@&§§&...#
...........)..§§§T§.....#
######++##############).#
#))# #).# #()# #..# #..#
#..#


You could see Pecal (invisible) and a friendly iron troll (summoned, berserk).

Vanquished Creatures
  A profane servitor (D)
  Rupert (D)
  A sphinx (D)
  A vampire knight (D)
  A deep elf demonologist (D)
  A red draconian (D)
  Josephine (D)
  A rakshasa (D)
  Harold (D)
  A centaur warrior (D)
  A vampire mage (D)
  A sun demon (D)
  A shadow wraith (D)
  A fire crab (D)
  An unseen horror (D)
  A sea snake (D)
  A spriggan druid (D)
  A deep troll (D)
  A flayed ghost (D)
  A deep elf zephyrmancer (D)
  A deep elf pyromancer (D)
  An ugly thing (D)
  An elephant (D)
  An orange demon (D)
  2 smoke demons (D)
  Joseph (D)
  A cane toad (D)
  3 kobold demonologists (D)
  2 eyes of devastation (D)
  A freezing wraith (D)
  Psyche (D)
  2 komodo dragons (D)
  2 demonic crawlers (D)
  An efreet (D)
  An ice devil (D)
  2 polar bears (D)
  A troll (D)
  A hornet (D)
  5 blink frogs (D)
  A spriggan (D)
  A shadow (D)
  2 redbacks (D)
  8 wraiths (D)
  Eustachio (D)
  A basilisk (D)
  A fire elemental (D)
  5 vampire mosquitoes (D)
  Edmund (D)
  An acid dragon (D)
  4 hell hounds (D)
  A water moccasin (D)
  2 floating eyes (D)
  A sky beast (D)
  An eye of draining (D)
  A necrophage (D)
  An ogre (D)
  3 centaurs (D)
  2 kobold brigands (D)
  4 killer bees (D)
  3 wights (D)
  2 crimson imps (D)
  A quasit (D)
  An orc priest (D)
  An iguana (D)
  A mummy (D)
  A gnoll (D)
  A river rat (D)
  A white imp (D)
  An ufetubus (D)
  2 orcs (D)
  3 bats (D)
  2 bat skeletons (D)
  A giant cockroach (D)
  6 jackals (D)
  3 kobolds (D)
  A quokka (D)
  3 frilled lizards (D)
  A quokka simulacrum (D)
  2 rats (D)
129 creatures vanquished.

Vanquished Creatures (collateral kills)
  A fire crab (D)
1 creature vanquished.

Vanquished Creatures (others)
  An orc wizard (D)
1 creature vanquished.

Grand Total: 131 creatures vanquished

Notes
Turn   | Place    | Note
-------+----------+-------------------------------------------
     0 | D        | mhtbhm the Minotaur Fighter began the quest for the Orb.
     0 | D        | Reached XP level 1. HP: 19/19 MP: 0/0
    19 | D        | Found a bloodstained altar of Trog.
    19 | D        | Found a shimmering blue altar of Sif Muna.
    19 | D        | Found a viscous altar of Jiyva.
    19 | D        | Found a hazy altar of Hepliaklqana.
    19 | D        | Found an opulent altar of Gozag.
    20 | D        | Found a glowing golden altar of the Shining One.
    20 | D        | Found a glowing silver altar of Zin.
    20 | D        | Found a basalt altar of Yredelemnul.
    20 | D        | Found a shimmering altar of Xom.
    20 | D        | Found an ornate altar of the Wu Jian Council.
    20 | D        | Found a sacrificial altar of Ru.
    20 | D        | Found a stormy altar of Qazlal.
    20 | D        | Found an iron altar of Okawaru.
    20 | D        | Found a sparkling altar of Nemelex Xobeh.
    20 | D        | Found a burning altar of Makhleb.
    20 | D        | Found a blossoming altar of Fedhas.
    20 | D        | Found a white marble altar of Elyvilon.
    20 | D        | Found a shadowy altar of Dithmenos.
    20 | D        | Found a snail-covered altar of Cheibriados.
    22 | D        | Found a radiant altar of Vehumet.
    22 | D        | Found a corrupted altar of Lugonu.
    24 | D        | Became a worshipper of Trog the Wrathful
    66 | D        | Reached XP level 2. HP: 28/28 MP: 1/1
    76 | D        | Reached skill level 5 in Fighting
    76 | D        | Reached skill level 3 in Axes
    76 | D        | Reached skill level 5 in Armour
    76 | D        | Reached skill level 5 in Shields
    79 | D        | Reached * piety under Trog
   263 | D        | Noticed a water moccasin
   275 | D        | Killed a water moccasin
   275 | D        | Reached ** piety under Trog
   276 | D        | Reached skill level 4 in Axes
   276 | D        | Reached skill level 1 in Dodging
   276 | D        | Reached XP level 3. HP: 37/38 MP: 2/2
   276 | D        | Reached XP level 4. HP: 43/45 MP: 3/3
   521 | D        | Noticed a floating eye
   522 | D        | Noticed a centaur
   522 | D        | Noticed Edmund
   526 | D        | Paralysed by a floating eye for 3 turns
   535 | D        | Paralysed by a floating eye for 2 turns
   540 | D        | Reached *** piety under Trog
   541 | D        | Reached skill level 5 in Axes
   541 | D        | Reached XP level 5. HP: 51/51 MP: 4/4
   541 | D        | Killed a floating eye
   542 | D        | Reached skill level 6 in Axes
   550 | D        | Killed a centaur
   551 | D        | Reached skill level 7 in Axes
   551 | D        | Reached XP level 6. HP: 43/61 MP: 5/5
   560 | D        | Killed Edmund
   560 | D        | Reached **** piety under Trog
   561 | D        | Reached skill level 8 in Axes
   563 | D        | Reached skill level 10 in Shields
   766 | D        | Reached skill level 9 in Axes
   766 | D        | Reached XP level 7. HP: 69/69 MP: 6/6
   768 | D        | Noticed a basilisk
   776 | D        | Killed a basilisk
   777 | D        | Reached skill level 10 in Armour
   785 | D        | Reached ***** piety under Trog
   786 | D        | Reached skill level 10 in Axes
   795 | D        | Received a gift from Trog
   911 | D        | Noticed a wraith
   923 | D        | Killed a wraith
  1186 | D        | Noticed a vampire mosquito
  1190 | D        | Killed a vampire mosquito
  1191 | D        | Reached skill level 11 in Axes
  1191 | D        | Noticed a vampire mosquito
  1191 | D        | Noticed an efreet
  1193 | D        | Noticed a vampire mosquito
  1198 | D        | Killed a vampire mosquito
  1199 | D        | Reached XP level 8. HP: 70/78 MP: 2/7
  1201 | D        | Identified the +7 broad axe of Parts Unknown {flame, rC+
                  | Will- Int+9 SInv} (Trog gifted it to you in the Dungeon)
  1201 | D        | Received a gift from Trog
  1207 | D        | Killed an efreet
  1208 | D        | Reached skill level 12 in Axes
  1429 | D        | Noticed a flayed ghost
  1429 | D        | Noticed a spriggan druid
  1429 | D        | Noticed an unseen horror
  1435 | D        | Killed an unseen horror
  1436 | D        | Reached skill level 10 in Fighting
  1436 | D        | Reached skill level 13 in Axes
  1436 | D        | Reached skill level 1 in Stealth
  1436 | D        | Killed a spriggan druid
  1437 | D        | Reached skill level 14 in Axes
  1437 | D        | Reached XP level 9. HP: 78/86 MP: 8/8
  1438 | D        | Killed a flayed ghost
  1651 | D        | Noticed Rupert
  1658 | D        | Received a gift from Trog
  1660 | D        | Reached skill level 15 in Axes
  1660 | D        | Reached skill level 5 in Dodging
  1664 | D        | Killed Rupert
  1665 | D        | Reached skill level 16 in Axes
  1665 | D        | Reached XP level 10. HP: 97/97 MP: 9/9
  1666 | D        | Reached skill level 17 in Axes
  1800 | D        | Noticed a red draconian
  1804 | D        | Reached ****** piety under Trog
  1809 | D        | Killed a red draconian
  1809 | D        | Received a gift from Trog
  1816 | D        | Reached skill level 18 in Axes
  1820 | D        | Received a gift from Trog
  1821 | D        | Reached XP level 11. HP: 106/106 MP: 10/10
  2040 | D        | Reached skill level 15 in Shields
  2049 | D        | Noticed Joseph
  2061 | D        | Killed Joseph
  2164 | D        | Received a gift from Trog
  2165 | D        | Reached skill level 19 in Axes
  2274 | D        | Noticed a shadow wraith
  2280 | D        | Killed a shadow wraith
  2300 | D        | Received a gift from Trog
  2311 | D        | Noticed a deep elf pyromancer
  2316 | D        | Killed a deep elf pyromancer
  2331 | D        | Received a gift from Trog
  2339 | D        | Reached skill level 20 in Axes
  2340 | D        | Received a gift from Trog
  2400 | D        | Noticed Josephine
  2407 | D        | Received a gift from Trog
  2408 | D        | Noticed Psyche
  2408 | D        | Noticed Harold
  2411 | D        | Killed Josephine
  2412 | D        | Reached skill level 15 in Armour
  2417 | D        | Received a gift from Trog
  2418 | D        | Reached skill level 15 in Fighting
  2423 | D        | Killed Psyche
  2426 | D        | Killed Harold
  2427 | D        | Reached XP level 12. HP: 121/121 MP: 11/11
  2469 | D        | Received a gift from Trog
  2633 | D        | Noticed a sphinx
  2633 | D        | Noticed a profane servitor
  2639 | D        | Reached skill level 21 in Axes
  2645 | D        | Killed a sphinx
  2658 | D        | Killed a profane servitor
  2869 | D        | Received a gift from Trog
  2874 | D        | Reached skill level 22 in Axes
  2874 | D        | Noticed a deep elf demonologist
  2876 | D        | Killed a deep elf demonologist
  2880 | D        | Received a gift from Trog
  2883 | D        | Identified the ring of Cihorgh {rElec rF+ Int+4 SInv}
  2883 | D        | Noticed a vampire knight
  2896 | D        | Noticed a vampire mage
  2907 | D        | Noticed a centaur warrior
  2910 | D        | Noticed Eustachio
  2914 | D        | Killed a vampire knight
  2915 | D        | Killed a vampire mage
  2919 | D        | Killed Eustachio
  2919 | D        | Received a gift from Trog
  2919 | D        | Killed a centaur warrior
  2920 | D        | Reached XP level 13. HP: 44/134 MP: 12/12
  2957 | D        | Received a gift from Trog
  3405 | D        | Noticed Pecal the pandemonium lord
  3437 | D        | HP: 2/136 [Pecal the pandemonium lord (16)]
  3437 | D        | Killed from afar by Pecal the pandemonium lord

Illustrated notes

Levels and vault maps discovered:
D:        pitsprint [storerooms_1, entrance_room_1, metal_vault_6, armoury_2,
          mini_pit_1, grid_room_1, main_hall_1, silver_pit, the_coven_2,
          the_vestibule_1, steel_vault_1, golden_pit, hallway_of_sentries,
          crystal_vault_1, iron_vault_2, final_vault]

Skill      XL: |  1  2  3  4  5  6  7  8  9 10 11 12 13 |
---------------+----------------------------------------+-----
Fighting       | 4 6 8 9 10 12 15 18 | 18.5
Armour         | 4 7 9 10 12 13 14 15 | 15.9
Shields        | 4 7 9 10 11 12 14 16 18 19 | 19.0
Axes           | 4 5 7 9 11 14 16 18 20 22 | 22.8
Dodging        | 1 3 4 5 7 9 |  9.5
Stealth        | 1 2 3 |  3.1

Action                   |  1- 3 |  4- 6 |  7- 9 | 10-12 | 13-15 || total
-------------------------+-------+-------+-------+-------+-------++-------
Melee: Hand axe          |    29 |    44 |    34 |       |       ||   107
       Headbutt          |     2 |     5 |    11 |    34 |     2 ||    54
       Broad axe         |       |       |    33 |   163 |    41 ||   237
Invok: Berserk           |     1 |     1 |     3 |     5 |     2 ||    12
       Brothers in Arms  |       |       |       |     2 |     2 ||     4
       Trog's Hand       |       |       |       |       |     1 ||     1
  Use: Potion            |     1 |       |       |     4 |     2 ||     7
       Scroll            |       |       |       |       |     3 ||     3
Armor: Scale mail        |    27 |     2 |       |    34 |     8 ||    71
       Plate armour      |       |    18 |    11 |       |       ||    29
       Chain mail        |       |       |    19 |    28 |       ||    47
Dodge: Dodged            |    23 |     8 |    13 |    61 |    10 ||   115
Block: Kite shield       |    33 |    21 |    33 |    97 |    24 ||   208

Table legend: (Time is in decaauts)
 A = Elapsed time spent in this place.
 B = Non-inter-level travel time spent in this place.
 C = Inter-level travel time spent in this place.
 D = Time resting spent in this place.
 E = Time spent auto-exploring this place.
 F = Levels seen in this place.
 G = Mean time per level.
                   A        B        C        D        E       F      G
               +--------+--------+--------+--------+--------+-----+--------+
         Total |   3488 |   3488 |      0 |   2166 |     24 |   1 | 3488.0 |
       Dungeon |   3488 |   3488 |      0 |   2166 |     24 |   1 | 3488.0 |
               +--------+--------+--------+--------+--------+-----+--------+

Top non-repeatable levels by time:
       D: 3488 daAuts
